Map: 国王藏宝地-天梯版

Players

Classic

  • Race: Protoss Protoss
  • Spawn Location: 5:00

Zoun - Winner!

  • Race: Protoss Protoss
  • League: Master
  • Spawn Location: 11:00

VOD

Have the link to the VOD?

Description

Time

  • Played on: Feb. 14, 2025, 6:44 a.m.
  • Length: 11:18
Show
View Real Time Build Order
Export as new Build Order

Classic Protoss 

Build Orders: Phoenix Opening, Archon Immortal 

Get SALT Encoding   

  12  0:00  Probe  
  13  0:12  Probe  
  14  0:18  Pylon  
  14  0:24  Probe  
  15  0:32  Probe  
  15  0:38  Gateway  
  15  0:40  Probe  
  16  0:47  Assimilator  
  17  0:50  Probe  
  18  0:57  Assimilator  
  18  0:59  Probe  
  19  1:06  Pylon  
  19  1:07  Probe  
  19  1:17  Probe  
  20  1:25  Cybernetics Core  
  21  1:29  Probe  
  22  1:34  Zealot  
  24  1:41  Probe  
  25  1:53  Probe  
  26  2:01  Sentry  
  26  2:02  Warp Gate  
  28  2:15  Nexus  
  28  2:22  Pylon  
  28  2:27  Stalker  
  30  2:33  Probe  
  31  2:41  Shield Battery  
  31  2:45  Probe  
  32  2:57  Stargate, Probe  
  33  3:03  Shield Battery  
  33  3:09  Probe  
  34  3:21  Probe  
  34  3:23  Shield Battery  
  35  3:27  Probe  
  35  3:31  Phoenix  
  35  3:33  Probe  
  39  3:39  Probe  
  42  3:43  Assimilator  
  42  3:45  Probe  
  42  3:47  Stargate  
  41  3:51  Probe  
  41  3:55  Phoenix  
  42  3:57  Stalker, Probe  
  42  3:59  Probe  
  42  4:00  Pylon  
  47  4:07  Probe  
  49  4:10  Probe  
  49  4:13  Robotics Facility  
  48  4:17  Probe  
  48  4:22  Probe  
  48  4:23  Phoenix  
  51  4:27  Probe  
  51  4:30  Probe  
  52  4:34  Assimilator  
  52  4:35  Probe  
  52  4:37  Sentry  
  55  4:38  Probe  
  55  4:44  Probe  
  55  4:45  Pylon  
  57  4:48  Probe  
  59  4:56  Probe  
  59  4:59  Phoenix  
  62  5:02  Observer  
  62  5:03  Probe  
  64  5:11  Immortal, Nexus  
  64  5:15  Pylon  
  68  5:28  Gateway  
  68  5:31  Gateway  
  68  5:37  Pylon  
  68  5:41  Immortal, Forge  
  68  5:42  Probe x2  
  70  5:55  Probe x2  
  76  6:00  Shield Battery  
  76  6:07  Probe x2  
  76  6:09  Twilight Council, Pylon  
  78  6:19  Stalker  
  78  6:20  Observer  
  78  6:25  Stalker x2  
  85  6:29  Pylon  
  85  6:32  Probe x3  
  83  6:41  Probe x2  
  83  6:42  Probe  
  85  6:49  Probe x2, Protoss Ground Weapons Level 1  
  85  6:50  Probe  
  85  6:53  Immortal  
  87  6:57  Observer  
  87  6:59  Probe x2  
  87  7:00  Probe  
  90  7:04  Adept x2  
  90  7:05  Charge  
  95  7:12  Probe, Templar Archives  
  95  7:13  Probe  
  95  7:14  Probe  
  98  7:32  Observer  
  98  7:33  Gateway  
  98  7:34  Gateway  
  98  7:35  Gateway  
  99  7:37  Gateway  
  99  7:38  Probe x3  
  99  7:39  Gateway  
  99  7:40  Assimilator  
  99  7:42  Assimilator  
  102  7:53  Immortal  
  106  8:00  Probe  
  106  8:01  Probe x2  
  106  8:02  Pylon  
  106  8:03  Pylon  
  106  8:05  Pylon  
  109  8:07  Zealot x3  
  115  8:22  Pylon  
  115  8:23  Pylon  
  115  8:24  Pylon  
  115  8:26  Pylon  
  115  8:33  High Templar, Immortal, Protoss Ground Weapons Level 2  
  115  8:34  High Templar x3  
  121  8:38  Archon x2  
  123  8:47  Zealot x3  
  129  8:50  Blink, Probe x3, Pylon  
  132  9:07  Nexus  
  132  9:10  High Templar x2, Zealot x5, Pylon  
  132  9:12  Warp Prism  
  132  9:16  Archon  
  148  9:22  Pylon  
  148  9:30  Observer  
  144  9:32  High Templar x2  
  144  9:33  Zealot x4  
  156  9:39  Archon  
  156  9:41  Gateway  
  156  9:44  Immortal  
  151  9:58  High Templar x4  
  151  9:59  Zealot x2  
  161  10:01  Observer  
  161  10:05  Archon x2  
  157  10:09  Gateway  
  157  10:10  Zealot x2  
  161  10:14  Photon Cannon  
  161  10:20  High Templar x2  
  165  10:27  Archon, Photon Cannon  
  165  10:33  Stalker x5  
  175  10:35  Stalker  
  175  10:51  Archon  
  175  10:55  Zealot x3  
  175  10:56  Zealot x2  
  175  10:57  Zealot x3  
  159  11:03  Zealot  
  127  11:07  Zealot  
Show
View Real Time Build Order
Export as new Build Order

Zoun Protoss - Winner!

Build Orders: Oracle Opening 

Get SALT Encoding   

  12  0:00  Probe  
  13  0:12  Probe  
  14  0:18  Pylon  
  14  0:23  Probe  
  15  0:32  Probe  
  15  0:38  Gateway  
  15  0:40  Probe  
  16  0:47  Assimilator  
  17  0:51  Probe  
  18  1:00  Probe  
  19  1:04  Assimilator  
  19  1:08  Probe  
  19  1:09  Gateway  
  19  1:17  Probe  
  21  1:25  Cybernetics Core  
  21  1:29  Probe  
  22  1:37  Pylon  
  22  1:41  Probe  
  23  1:55  Probe  
  23  1:59  Stalker  
  24  2:03  Adept  
  24  2:06  Warp Gate  
  24  2:08  Probe  
  28  2:17  Pylon  
  28  2:20  Probe  
  29  2:28  Stargate  
  29  2:35  Probe  
  30  2:47  Probe  
  31  2:58  Nexus  
  31  3:02  Probe  
  32  3:05  Oracle  
  32  3:07  Sentry  
  34  3:14  Probe  
  38  3:26  Probe, Pylon  
  37  3:36  Twilight Council  
  37  3:38  Probe  
  38  3:50  Probe  
  38  3:53  Stalker  
  41  3:56  Shield Battery  
  41  4:01  Stalker  
  43  4:06  Probe x2  
  44  4:14  Blink  
  45  4:18  Probe  
  45  4:19  Probe  
  45  4:22  Stalker  
  49  4:25  Stalker  
  49  4:30  Probe  
  49  4:32  Probe  
  50  4:42  Probe  
  50  4:44  Probe  
  50  4:45  Stalker  
  54  4:50  Stalker  
  56  4:54  Probe  
  56  4:57  Probe  
  58  5:03  Pylon  
  58  5:06  Probe  
  59  5:16  Nexus  
  59  5:18  Pylon, Gateway  
  59  5:21  Stalker  
  59  5:24  Pylon  
  61  5:33  Stalker, Gateway  
  63  5:36  Probe  
  63  5:37  Probe  
  63  5:41  Assimilator  
  65  5:45  Forge  
  65  5:48  Probe  
  65  5:49  Probe  
  67  5:55  Stalker  
  69  5:58  Stalker  
  69  6:00  Probe  
  72  6:08  Protoss Ground Weapons Level 1  
  72  6:09  Probe, Pylon  
  73  6:12  Probe  
  73  6:18  Gateway  
  72  6:19  Stalker  
  72  6:21  Probe, Gateway  
  72  6:22  Stalker  
  72  6:25  Probe  
  78  6:29  Charge  
  78  6:40  Stalker x2  
  82  6:47  Probe  
  82  6:49  Robotics Facility  
  83  6:54  Probe  
  83  6:55  Probe  
  85  7:08  Gateway  
  85  7:09  Gateway  
  85  7:10  Templar Archives  
  85  7:12  Shield Battery, Probe x2, Assimilator  
  85  7:14  Probe, Assimilator  
  88  7:18  Photon Cannon  
  88  7:23  Pylon  
  88  7:24  Probe x2  
  88  7:26  Probe  
  91  7:36  Probe  
  91  7:37  Probe  
  93  7:38  Probe  
  93  7:43  Photon Cannon  
  94  7:45  Photon Cannon  
  94  7:48  Zealot x5  
  94  7:49  Probe  
  94  7:50  Probe  
  103  7:52  Protoss Ground Weapons Level 2  
  103  7:53  Probe  
  103  7:57  Probe  
  103  7:58  Probe  
  100  8:01  Probe  
  100  8:03  Stalker x2  
  104  8:08  Probe  
  104  8:10  Probe  
  105  8:15  Probe, Observer  
  105  8:19  Probe  
  107  8:23  Zealot x3  
  107  8:26  Probe  
  114  8:32  Pylon  
  114  8:34  Pylon  
  114  8:37  Pylon  
  114  8:38  Observer  
  115  8:44  Nexus  
  115  8:45  Pylon  
  115  8:56  High Templar x2, Gateway  
  115  8:57  High Templar x2, Gateway  
  115  9:01  Archon x2  
  123  9:06  High Templar  
  123  9:07  High Templar, Zealot x2  
  131  9:10  Archon  
  131  9:14  Shield Battery, Pylon x2  
  131  9:22  Pylon  
  131  9:23  Pylon  
  131  9:31  High Templar  
  131  9:32  High Templar, Zealot x3  
  131  9:36  Pylon x2  
  131  9:37  Archon  
  142  9:38  Probe x3  
  142  9:41  Warp Prism  
  142  9:47  High Templar x2  
  140  9:55  Archon  
  140  9:59  Zealot x4  
  143  10:00  Observer  
  143  10:07  High Templar x2, Zealot  
  143  10:11  Archon  
  143  10:13  Zealot  
  151  10:16  Observer  
  151  10:20  Zealot x5  
  151  10:21  Zealot  
  163  10:29  Zealot  
  165  10:36  Zealot  
  167  10:43  High Templar  
  167  10:44  High Templar, Zealot x6  
  167  10:48  Archon  
  183  10:53  Zealot  
  165  10:58  Zealot  
  131  11:05  Zealot x5  
  131  11:09  Zealot  
  119  11:16  Zealot  
Tags
 
Add a new tag
Caveats
  • Supply blocks, unpowered buildings, or Contaminate may cause inaccurate times.
  • Supply counts are checked every 10 seconds.